 Dungeon Crawl Stone Soup version 0.20.1-1-g8b1a95d (webtiles) character file.

2683 InappropriateContent the Cleaver (level 9, -1/85 HPs)
             Began as a Gargoyle Berserker on Nov 24, 2017.
             Was a High Priest of Trog.
             Killed by divine providence
             ... invoked by an orc priest
              (14 damage)
             ... on level 7 of the Dungeon.
             The game lasted 00:26:51 (6290 turns).

InappropriateContent the Cleaver (GrBe)             Turns: 6290, Time: 00:26:52

Health: -1/85      AC: 17    Str: 34    XL:     9   Next: 64%
Magic:  9/9        EV:  8    Int:  8    God:    Trog [*****.]
Gold:   315        SH:  0    Dex:  9    Spells: 8/8 levels left

rFire    . . .     SeeInvis .   C - +0 war axe
rCold    . . .     Gourm    .   (no shield)
rNeg     + . .     Faith    .   i - +0 plate armour
rPois    ∞         Spirit   .   (no helmet)
rElec    +         Reflect  .   (no cloak)
rCorr    .         Harm     .   (no gloves)
MR       ++...                  p - +0 pair of boots
Stlth    ..........             (no amulet)
Regen    1.3/turn               h - +5 ring of strength
MPRegen  0.2/turn               (no ring)

@: berserking, regenerating, very quick
A: negative energy resistance 1, electricity resistance, unbreathing,
petrification resistance, rot immunity, AC +5
a: Berserk, Trog's Hand, Brothers in Arms, Burn Spellbooks, Renounce Religion


You were on level 7 of the Dungeon.
You worshipped Trog.
Trog was extremely pleased with you.
You were very hungry.

You visited 1 branch of the dungeon, and saw 7 of its levels.

You collected 315 gold pieces.

Inventory:

Hand Weapons
 r - a +2 mace of venom
 C - a +0 war axe (weapon)
Armour
 e - a +0 shield
 i - a +0 plate armour (worn)
 p - a +0 pair of boots (worn)
 x - a +0 pair of gloves
Jewellery
 h - a +5 ring of strength (left hand)
 n - an uncursed ring of see invisible {unknown}
 y - an uncursed ring of fire {unknown}
 B - an uncursed ring of flight {unknown}
Wands
 H - a wand of iceblast (1/15)
 J - a wand of paralysis (11/24)
Scrolls
 d - 2 scrolls of enchant armour {unknown}
 g - 2 scrolls of blinking {unknown}
 j - a scroll of immolation {unknown}
 k - 2 scrolls of teleportation {unknown}
 l - 2 scrolls of recharging {unknown}
 o - 2 scrolls of fear {unknown}
 q - 4 scrolls of identify {unknown}
 s - a scroll of fog {unknown}
 t - 2 scrolls of magic mapping {unknown}
 u - 3 scrolls of amnesia {unknown}
 v - 2 scrolls of enchant weapon {unknown}
 w - 5 scrolls of remove curse
 E - a scroll of vulnerability {unknown}
 K - a scroll of noise {unknown}
 M - 3 scrolls of silence {unknown}
Potions
 a - 2 potions of haste {unknown}
 b - 2 potions of lignification {unknown}
 f - 4 potions of might {unknown}
 m - 5 potions of curing
 A - a potion of mutation {unknown}
 D - 2 potions of degeneration {unknown}
 G - 2 potions of brilliance {unknown}
Books
 I - a book of Maledictions

   Spells                             Type                      Level
   a - Corona                         Hexes                        1
   b - Ensorcelled Hibernation        Hexes/Ice                    2
   c - Confuse                        Hexes                        3
   d - Tukima's Dance                 Hexes                        3
   e - Dazzling Spray                 Conjuration/Hexes            3
   Trog disapproves of the use of such an item.
Comestibles
 c - 9 bread rations
 z - 2 royal jellies
 F - 3 fruits
 L - 3 chunks of flesh
 N - 2 meat rations


   Skills:
 * Level 7.1 Fighting
 * Level 9.6 Axes
 - Level 2.1 Armour
 + Level 2.3 Dodging
 * Level 5.5 Shields


You had 8 spell levels left.
You didn't know any spells.

Dungeon Overview and Level Annotations

Branches:
Dungeon (7/15)             Temple (0/1) D:5

Altars:
Ashenzari
Gozag
Okawaru
Qazlal
Ru
Sif Muna
Uskayaw
The Shining One


Innate Abilities, Weirdness & Mutations

You are resistant to torment.
Your stone body is resilient. (AC +5)
You are immune to poison.
You resist negative energy. (rN+)
You are resistant to electric shocks. (rElec)
You can survive without breathing.
You are immune to petrification.
You are immune to rotting.


Message History

The orc warrior completely misses you.
You hit the orc warrior.
The orc warrior is severely wounded.
The orc warrior closely misses you.
The orc priest mumbles some strange prayers to Beogh against you.
Beogh smites you!
* * * LOW HITPOINT WARNING * * *
A red film seems to cover your vision as you go berserk!
You feel yourself moving faster!
You feel mighty!
You are feeling very hungry.
The orc warrior barely misses you.
You closely miss the orc warrior.
The orc warrior is severely wounded.
You slash the orc warrior!
You kill the orc warrior!
Trog accepts your kill.
Your Fighting skill increases to level 7!
The orc priest invokes the aid of Beogh against you.
Beogh smites you!
You die...

#.##.#############.# #
#.##.##............# #
#.......##########.###
####.#### #.#..# #.#
##.#.# #.# ##### ###.#
#<# #...# ##... #.####
#.#.# ##..#.
#.@)o###.#.###..###
####oo...#.......#.
#..#######......
######.....#.....####
#............###.#
#.####.####..# #.#
#.##.....##..# #.#
#.#.......#.## #.#
#.#.......#.####.#


You could see 3 orc priests.

Vanquished Creatures
  Sigmund (D:3)
  Duvessa (D:4)
  A sky beast (D:5)
  A black bear (D:7)
  An orc warrior (D:7)
  A phantom (D:4)
  3 ice beasts
  A centaur (D:5)
  3 ogres
  A big kobold (D:7)
  A bullfrog (D:6)
  Dowan (D:4)
  3 crimson imps
  2 hounds
  A jelly (D:6)
  4 orc wizards
  4 orc priests
  2 bullfrog skeletons
  A centaur skeleton (D:7)
  Jessica (D:3)
  9 worker ants
  Terence (D:3)
  Natasha (thrice) (D:2)
  An iguana (D:7)
  A hound zombie (D:5)
  A howler monkey zombie (D:6)
  9 gnolls
  11 adders
  A shadow imp (D:7)
  2 oozes (D:2)
  A worm (D:2)
  4 dart slugs
  5 leopard geckos
  28 orcs
  7 bats
  9 giant cockroaches
  6 hobgoblins
  17 jackals
  7 kobolds
  4 quokkas
  5 frilled lizards
  7 goblins
  A jackal zombie (D:6)
  6 rats
180 creatures vanquished.

Notes
Turn   | Place    | Note
-------+----------+-------------------------------------------
     0 | D:1      | InappropriateContent the Gargoyle Berserker began the quest for the Orb.
     0 | D:1      | Reached XP level 1. HP: 14/14 MP: 1/1
   234 | D:1      | Reached skill level 1 in Shields
   234 | D:1      | Reached XP level 2. HP: 10/19 MP: 2/2
   586 | D:1      | Reached skill level 3 in Axes
   628 | D:1      | Reached XP level 3. HP: 24/24 MP: 3/3
  1044 | D:2      | Reached ** piety under Trog
  1189 | D:2      | Reached XP level 4. HP: 27/29 MP: 4/4
  1232 | D:2      | Noticed Natasha
  1242 | D:2      | Killed Natasha
  1401 | D:2      | Noticed Natasha
  1410 | D:2      | Killed Natasha
  1410 | D:2      | Reached XP level 5. HP: 27/33 MP: 5/5
  1457 | D:2      | Found an opulent altar of Gozag.
  1462 | D:2      | Noticed Natasha
  1483 | D:2      | Killed Natasha
  1483 | D:2      | Reached skill level 4 in Axes
  2099 | D:3      | Noticed Sigmund
  2122 | D:3      | Killed Sigmund
  2122 | D:3      | Reached XP level 6. HP: 36/39 MP: 6/6
  2367 | D:3      | Found an iron altar of Okawaru.
  2371 | D:3      | Noticed Jessica
  2372 | D:3      | Reached *** piety under Trog
  2388 | D:3      | Reached skill level 5 in Axes
  2390 | D:3      | Reached XP level 7. HP: 44/44 MP: 7/7
  2392 | D:3      | Killed Jessica
  2482 | D:3      | Noticed Terence
  2500 | D:3      | Killed Terence
  2549 | D:3      | Found a glowing golden altar of the Shining One.
  2942 | D:4      | Reached skill level 5 in Fighting
  3053 | D:4      | Noticed Duvessa
  3054 | D:4      | Noticed Dowan
  3068 | D:4      | Reached skill level 6 in Axes
  3086 | D:4      | Killed Duvessa
  3106 | D:4      | Killed Dowan
  3106 | D:4      | Reached XP level 8. HP: 19/49 MP: 8/8
  3916 | D:5      | Entered Level 5 of the Dungeon
  3996 | D:5      | Reached skill level 7 in Axes
  4082 | D:5      | Found a staircase to the Ecumenical Temple.
  4179 | D:5      | Found a hide-covered altar of Uskayaw.
  4415 | D:5      | Reached skill level 8 in Axes
  4428 | D:5      | Reached **** piety under Trog
  4742 | D:6      | Reached XP level 9. HP: 52/55 MP: 9/9
  4744 | D:6      | Found a deep blue altar of Sif Muna.
  4770 | D:6      | Reached skill level 5 in Shields
  5127 | D:6      | Found a shattered altar of Ashenzari.
  5327 | D:7      | Found a stormy altar of Qazlal.
  5400 | D:7      | Reached skill level 9 in Axes
  5414 | D:7      | Found a sacrificial altar of Ru.
  5671 | D:7      | Reached ***** piety under Trog
  6290 | D:7      | Killed from afar by an orc priest

Skill      XL: |  1  2  3  4  5  6  7  8  9 |
---------------+----------------------------+-----
Shields        | 1 2 3 4 5 |  5.5
Axes           | 3 4 5 6 8 9 |  9.6
Fighting       | 4 5 6 7 |  7.1
Dodging        | 2 |  2.3
Armour         | |  2.1

Action                   |  1- 3 |  4- 6 |  7- 9 || total
-------------------------+-------+-------+-------++-------
Melee: Hand axe          |    92 |   192 |   193 ||   477
       War axe           |       |       |   239 ||   239
Invok: Berserk           |     1 |     3 |     3 ||     7
       Trog's Hand       |       |     2 |     5 ||     7
  Use: Scroll            |     1 |     2 |       ||     3
  Eat: Chunk             |     2 |     6 |    16 ||    24
       Fruit             |       |       |     2 ||     2
Armor: Plate armour      |    61 |   169 |   329 ||   559
Dodge: Dodged            |    12 |    77 |   171 ||   260
Block: Shield            |    40 |    87 |       ||   127
